 Dungeon Crawl Stone Soup version 0.29.0-11-gd7f09526c8 (webtiles) character file.

Game seed: 18206355910860990507

107828 mortz the Eclecticist (level 17, -12/126 HPs)
             Began as a Djinni Fire Elementalist on Sept 3, 2022.
             Was the Champion of Makhleb.
             Killed by Lee's Rapid Deconstruction
             ... invoked by Jorgrun
              (29 damage)
             ... on level 14 of the Dungeon.
             The game lasted 03:29:33 (34944 turns).

mortz the Eclecticist (Djinni Fire Elementalist)   Turns: 34944, Time: 03:29:34

Health: -12/126    AC: 38    Str:  9    XL:     17   Next: 2%
Gold:   1993       EV: 12    Int: 37    God:    Makhleb [******] SH: 15 Dex: 10

rFire   + + +      SeeInvis .   a - staff of fire {!astaff}
rCold   x . .      Faith    .   v - +5 buckler of Fallacy {rN++ Int+9 Dex-5}
rNeg    + + +      Spirit   .   (body armour currently unavailable)
rPois   ∞          Reflect  +   A - +2 helmet
rElec   +          Harm     .   M - +1 cloak
rCorr   .          Rampage  .   (gloves currently unavailable)
Will    +....                   (boots unavailable)
Stlth   +++.......              F - amulet of reflection
HPRegen 0.31/turn               T - +6 ring of intelligence
MPRegen 0.00/turn               C - ring of wizardry

@: statue-form, flying, very slow
A: slow and powerful, torment resistance 1, flying, boosted hp, sickness
immunity, fire resistance 2, cold vulnerability 1, float, innate caster, HP
casting, extra vitality 1
a: End Transformation, Renounce Religion, Minor Destruction, Lesser Servant of
Makhleb, Major Destruction, Greater Servant of Makhleb


You were on level 14 of the Dungeon.
You worshipped Makhleb.
Makhleb was exalted by your worship.
You were a living statue of rough stone.
You visited 4 branches of the dungeon, and saw 22 of its levels.
You also visited: Sewer.

You collected 1993 gold pieces.


Innate Abilities, Weirdness & Mutations

You are a living statue of rough stone.
Your actions are slow, but your melee attacks are powerful.
You are resistant to unholy torment.
You are flying.
Your maximum health is greatly increased.
Your equipment is partially melded.
You are immune to sickness and miasma.
You are immune to poison.
Your flesh is very heat resistant. (rF++)
You are vulnerable to cold. (rC-)
You float through the air rather than walking.
You learn spells naturally, not from books.
Your magical power is your life essence.
You have superior vitality. (+4 MHP)


   Skills:
 + Level 1.6 Fighting
 + Level 9.3 Armour
 + Level 4.8 Dodging
 + Level 4.7 Stealth
 + Level 5.2 Shields
 + Level 19.0 Spellcasting
 + Level 4.0 Invocations


You had 8 spell levels left.
You knew the following spells:

 Your Spells              Type           Power      Damage    Failure   Level
a - Foxfire               Conj/Fire      100%       2x1d9     0%          1
b - Scorch                Fire           100%       2d10      0%          2
c - Conjure Flame         Conj/Fire      100%       6-21      0%          3
d - Inner Flame           Hex/Fire       100%       N/A       0%          3
e - Magic Dart            Conj           100%       1d8       0%          1
f - Flame Wave            Conj/Fire      100%       2d21      0%          4
g - Wereblood             Tmut           100%       N/A       0%          2
h - Ozocubu's Armour      Ice            100%       N/A       0%          3
i - Summon Ice Beast      Ice/Summ       100%       N/A       0%          4
j - Fireball              Conj/Fire      66%        3d25      0%          5
k - Summon Mana Viper     Hex/Summ       100%       N/A       0%          5
l - Statue Form           Tmut/Erth      72%        N/A       1%          6
m - Spellforged Servitor  Conj/Summ      54%        N/A       1%          7
Your spell library was empty.

Inventory:

Hand Weapons
 b - a +3 dagger of venom {short}
   (You took it off a kobold on level 8 of the Dungeon)
 R - a +3 broad axe of venom {axe}
   (You took it off a necromancer on level 5 of the Lair of Beasts)
 U - a +2 dagger of venom {short}
   (You took it off an orc wizard on level 2 of the Orcish Mines)
 X - a +2 dagger of venom {short}
   (You took it off an orc on level 1 of the Orcish Mines)
Armour
 r - a +0 plate armour
   (You found it on level 7 of the Dungeon)
 t - a +1 pair of gloves (melded)
   (You found it on level 7 of the Dungeon)
 v - the +5 buckler of Fallacy (worn) {rN++ Int+9 Dex-5}
   (You found it on level 6 of the Dungeon)

   Int:       It affects your intelligence (+9).
   Dex:       It affects your dexterity (-5).
   rN:        It greatly protects you from negative energy.
 z - a +2 robe of positive energy
   (You took it off an orc wizard on level 6 of the Dungeon)
 A - a +2 helmet (worn)
   (You found it on level 3 of the Lair of Beasts)
 D - the +7 Kryia's mail coat (melded) {PotionHeal*2 rC+}
   (You took it off a wight on level 8 of the Dungeon)

   Potions are twice as effective at healing its wearer.
   rC:        It protects you from cold.
 E - +0 steam dragon scales
   (You found it on level 4 of the Lair of Beasts)
 J - +0 acid dragon scales
   (You found it on level 11 of the Dungeon)
 M - a +1 cloak (worn)
   (You took it off Crazy Yiuf on level 7 of the Dungeon)
 Q - a +0 troll leather armour
   (You found it on level 1 of the Orcish Mines)
Magical Staves
 a - a staff of fire (weapon) {!astaff}
   (You found it on level 7 of the Dungeon)
Jewellery
 g - an amulet of the acrobat
   (You found it on level 3 of the Lair of Beasts)
 i - a ring of protection from fire
   (You found it on level 4 of the Dungeon)
 q - a ring of protection from cold
   (You found it on level 2 of the Dungeon)
 w - the ring "Humiodacs" {Drain rElec rN+ Will+ Str+6}
   (You acquired it on level 2 of the Lair of Beasts)

   [ring of strength]

   Str:       It affects your strength (+6).
   rElec:     It insulates you from electricity.
   rN:        It protects you from negative energy.
   Drain:     It drains your maximum health when unequipped.
   Will:      It increases your willpower.
 B - a +6 ring of strength
   (You found it on level 3 of the Lair of Beasts)
 C - a ring of wizardry (right fist)
   (You found it on level 4 of the Lair of Beasts)
 F - an amulet of reflection (around neck)
   (You found it on level 3 of the Dungeon)
 G - a ring of ice
   (You found it on level 12 of the Dungeon)
 T - a +6 ring of intelligence (left fist)
   (You found it on level 13 of the Dungeon)
Wands
 c - a wand of paralysis (7)
   (You found it on level 11 of the Dungeon)
 s - a wand of mindburst (11)
   (You found it on level 1 of the Lair of Beasts)
 y - a wand of iceblast (15)
   (You found it on level 2 of the Dungeon)
 P - a wand of digging (11)
   (You found it on level 9 of the Dungeon)
 V - a wand of quicksilver (23)
   (You found it on level 1 of the Lair of Beasts)
 Y - a wand of polymorph (8)
   (You found it on level 8 of the Dungeon)
Scrolls
 e - 6 scrolls of poison
 j - 3 scrolls of immolation {!r!r}
 k - a scroll of blinking {!r}
 m - 5 scrolls of enchant weapon
 p - 10 scrolls of teleportation {@r4}
 H - a scroll of magic mapping {!r}
 I - 7 scrolls of fear
 W - a scroll of fog {unknown}
Potions
 d - 4 potions of invisibility
 f - 3 potions of attraction {!q}
 h - 3 potions of lignification {!q}
 n - 7 potions of brilliance
 o - 6 potions of mutation {!q}
 u - 7 potions of curing {@q1}
 x - 2 potions of heal wounds {@q2}
 K - 2 potions of berserk rage {!q}
 L - 2 potions of might
 N - a potion of haste {@q3}
 O - 2 potions of ambrosia
 S - a potion of cancellation
Miscellaneous
 l - a phantom mirror
   (You found it on level 11 of the Dungeon)

Dungeon Overview and Level Annotations

Branches:
Dungeon (14/15) Zot: 26916  Temple (1/1) D:4 Zot: 5630    Lair (5/5) D:9 Zot: 17529
 Shoals (0/4) Lair:2        Snake (0/4) Lair:2        Slime (0/5) Lair:5
    Orc (2/2) D:10 Zot: 8834     Elf (0/3) Orc:2         Sewer (visited)
 Vaults: D:13-14

Altars:
Ashenzari
Cheibriados
Dithmenos
Elyvilon
Fedhas
Gozag
Hepliaklqana
Makhleb
Nemelex Xobeh
Okawaru
Qazlal
Ru
Trog
Uskayaw
Wu Jian
Xom
Yredelemnul
Zin
The Shining One
Lugonu

Shops:
D:4 (   Orc:2 ?::[

Portals:
Abyss: Orc:2
Trove: D:11 (give 2 scrolls of acquirement)

Annotations:
D:4 1 exclusion
D:6 1 exclusion
D:8 3 exclusions
D:9 1 exclusion
D:13 exclusion: orange crystal statue
D:14 Jorgrun
Lair:2 1 exclusion
Lair:5 exclusions: obsidian statue and 2 more exclusions

.........# ......†#.#
.......†.# #.#......#
#.......# #.......#
#......†#############
[.......††p...........
........†Yg...8.......
..........9........./.
.......##.§...........
......# #.............
....#. #.............
....#. .....(.........
.. ...............
................
#............


You could see Jorgrun (distracted, ally target), a human, a friendly spellforged
servitor (summoned) and a friendly ice beast (summoned).


Message History

The power to cast Spellforged Servitor wells up from within.
Spell assigned to 'm'. 😎 HP[+22]
You now have 126 max hp (+6).
Your hp is fully restored (126).
A wave of flame ripples out!
The flame wave engulfs the cyan ugly thing!!!
You kill the cyan ugly thing!
Makhleb accepts your kill. 😕 HP[-1]
You take 1 damage, and now have 125/126 hp.
A wave of flame ripples out!
The flame wave engulfs the orc warrior!
The flame wave engulfs the human!
You finish channelling waves of flame.
You hear a shout! x3
Jorgrun Earthshaker comes into view.
He is wielding a +0 vorpal quarterstaff.
You block the orc warrior's attack.
Jorgrun says, "'tis place shall be yer tomb!" 😕 HP[-1]
You take 1 damage, and now have 124/126 hp.
The orc warrior barely misses you. You block the human's attack.
You fly upwards.
Level annotation: exclusion: orange crystal statue
There is a stone staircase leading down here. 😎 HP[+2]
Your hp is fully restored (126).
Casting: Flame Wave (safe; 0% risk of failure)
Confirm with . or Enter, or press ? or * to list all spells.
Casting: Flame Wave (safe; 0% risk of failure)
Press: ? - help, Dir - look around, f - activate You feel a surge of power!
A wave of flame ripples out!
The flame wave engulfs the human!
You kill the human!
Makhleb accepts your kill.
You feel better.
The flame wave engulfs the orc warrior!!
You kill the orc warrior!
Makhleb accepts your kill.
You feel better. (Press . to intensify the flame waves.)
You fly downwards.
Level annotation: Jorgrun You block the human's attack.
Jorgrun casts a spell at you.
Roots burst forth from the earth!
The grasping roots grab you! The grasping roots constrict you!
The human hits you but does no damage. The grasping roots constrict you.
There is a stone staircase leading up here. 😕 HP[-15]
You take 15 damage, and now have 111/126 hp.
Casting: Flame Wave (safe; 0% risk of failure)
Confirm with . or Enter, or press ? or * to list all spells.
You summon a servant imbued with your destructive magic!
The human hits you but does no damage. The grasping roots constrict you.
The grasping roots constrict you!
The human hits you but does no damage. 😮 HP[-22]
You take 22 damage, and now have 89/126 hp.
Casting: Spellforged Servitor (mildly dangerous; 1% risk of failure)
Confirm with . or Enter, or press ? or * to list all spells.
Aiming: Fireball (safe; 0% risk of failure)
Press: ? - help, Shift-Dir - straight line
Okay, then.
Casting: Fireball (safe; 0% risk of failure)
Confirm with . or Enter, or press ? or * to list all spells.
A chill wind blows around you. You block the human's attack.
The grasping roots constrict you! 😮 HP[-15]
You take 15 damage, and now have 74/126 hp.
You escape the roots grasp.
You swap places.
The human hits your ice beast. Jorgrun gestures at you while chanting.
You shatter!!!
* * * LOW HITPOINT WARNING * * *
The blast of rock fragments hits your ice beast!
The blast of rock fragments hits your spellforged servitor!!
Your ice beast closely misses Jorgrun.
The human hits your ice beast but does no damage. 😨 HP[-40]
You take 40 damage, and now have 34/126 hp.
MASSIVE DAMAGE!! (PAUSE)
You swap places.
Your ice beast hits Jorgrun.
Your ice beast freezes Jorgrun!!
Jorgrun hits your spellforged servitor with a +0 vorpal quarterstaff!
The human hits your ice beast.
Your ice beast closely misses Jorgrun.
Really read
k - 2 scrolls of blinking {!r}?
Uppercase [Y]es or [N]o only, please.
Really read
k - 2 scrolls of blinking {!r}?
Blink to where?
Press: ? - help, Dir - move target
As you read the scroll of blinking {!r}, it crumbles to dust.
Jorgrun casts a spell at you.
You shatter!!
* * * LOW HITPOINT WARNING * * *
Your ice beast hits Jorgrun.
Your ice beast freezes Jorgrun!!
Jorgrun hits your ice beast with a +0 vorpal quarterstaff!
You hear a shout! x3 😱 HP[-17]
You take 17 damage, and now have 17/126 hp.
You hear a shout! x3
Your ice beast misses Jorgrun.
Jorgrun gestures at you while chanting.
You shatter!!
You die...

Skill      XL: |  1  2  3  4  5  6  7  8  9 10 11 12 13 14 15 16 |
---------------+-------------------------------------------------+-----
Spellcasting   | 3 4 5 7 9 10 12 13 15 16 18 19 | 19.0
Stealth        | 2 3 4 |  4.7
Shields        | 1 2 3 4 5 |  5.2
Invocations    | 2 4 |  4.0
Armour         | 1 4 6 7 8 9 |  9.3
Dodging        | 3 4 |  4.8
Fighting       | 1 |  1.6

Action                   |  1- 3 |  4- 6 |  7- 9 | 10-12 | 13-15 | 16-18 || total
-------------------------+-------+-------+-------+-------+-------+-------++-------
Melee: Dagger            |     7 |    16 |    12 |     2 |     2 |       ||    39
       Short sword       |       |       |       |     1 |       |       ||     1
       Staff             |       |       |       |       |       |     1 ||     1
 Cast: Foxfire           |    37 |    65 |    47 |     7 |       |    10 ||   166
       Scorch            |       |    21 |    39 |   145 |   253 |    18 ||   476
       Inner Flame       |       |       |     1 |     3 |       |       ||     4
       Magic Dart        |       |       |   156 |   126 |    84 |    26 ||   392
       Flame Wave        |       |       |     2 |     5 |     3 |     3 ||    13
       Summon Ice Beast  |       |       |     1 |    81 |    96 |    34 ||   212
       Ozocubu's Armour  |       |       |     1 |     3 |       |     1 ||     5
       Conjure Flame     |       |       |     1 |       |       |       ||     1
       Fireball          |       |       |       |     5 |    76 |    56 ||   137
       Summon Mana Viper |       |       |       |       |    68 |    28 ||    96
       Statue Form       |       |       |       |       |       |     2 ||     2
       Spellforged Servi |       |       |       |       |       |     1 ||     1
  Use: Scroll            |     3 |     6 |     5 |    11 |     9 |     1 ||    35
       Potion            |       |       |       |     1 |     5 |     2 ||     8
 Stab: Sleeping          |     2 |     4 |     3 |     1 |       |       ||    10
Armor: Robe              |     4 |     5 |       |     7 |       |       ||    16
       Leather armour    |       |       |     3 |       |       |       ||     3
       Scale mail        |       |       |       |    30 |   106 |    24 ||   160
       Skin              |       |       |       |       |       |    16 ||    16
Dodge: Dodged            |     6 |    20 |    27 |    29 |    42 |     9 ||   133
Block: Buckler           |     2 |     8 |    59 |    98 |   142 |    29 ||   338
       Reflection        |       |       |    22 |    12 |     4 |     2 ||    40

Levels and vault maps discovered:
D:1:      dpeg_arrival_oval, layout_basic,
          hellmonk_ecumenical_altar_arch_garden, minmay_ruptured
D:2:      kennysheep_six_static_rooms, layout_basic
D:3:      layout_basic, hex_medium
D:4:      layout_basic, lemuel_coloured_pillars_altar,
          yredelemnul_altar_generic, minmay_temple_entry_offerings,
          serial_shops, shop
D:5:      layout_basic, grunt_decor_clamped, hangedman_abyss_or_decor_slice
D:6:      layout_basic, ashenzari_altar_1, portal_sewer_entry_b,
          eino_tiny_chamber, uniq_duvessa
D:7:      layout_layer_cave, overflow_temple_1_default,
          okawaru_metal_pillars_1_2, uniq_crazy_yiuf_cottage
D:8:      layout_basic, uniq_maggie, uniq_grum, uniq_joseph, uniq_psyche
D:9:      layout_grid_maze, nicolae_qazlal_scattered_showers, lair_entry_dummy
D:10:     layout_gridville, gammafunk_temple_overflow_pools,
          mainiacjoe_overflow_big_doors, orc_0_dummy
D:11:     layout_long_grid, nicolae_trove_entry_isolated, minmay_between
D:12:     layout_cave_pods
D:13:     layout_loops_ring, minmay_crystal_box
D:14:     layout_cave_pools, grunt_vaults_entry_tiered, serial_shops,
          nicolae_shop_waterfront, uniq_jorgrun
Temple:   hellmonk_temple_forest_ring
Lair:1:   layout_cave_pods, nicolae_quartered_pool_impasse, lemuel_fruit_tree,
          serial_bayou_shore_b
Lair:2:   layout_loops_ring, minmay_shoals_entry_lonely_mermaid,
          minmay_snake_entry_guardpost_medium, serial_rivers,
          chequers_serial_rivers_micro_a, chequers_serial_rivers_micro_d,
          chequers_serial_rivers_small_a, chequers_serial_rivers_micro_c,
          chequers_serial_rivers_large_b, chequers_serial_rivers_micro_e,
          serial_bayou_shore_a, serial_bayou_shore_b
Lair:3:   layout_cellular_growth, grunt_megastairs_3
Lair:4:   lemuel_slime, layout_cave_pods, serial_bayou_shore_b
Lair:5:   due_jungle_book, layout_loops_ring, slime_entry_1, tgw_fedhas,
          lemuel_fruit_fields, lemuel_fruit_fields, infiniplex_staircase_pool
Orc:1:    layout_caves, hellmonk_ghost_happy_afterlife
Orc:2:    kennysheep_orc_mage_school, layout_diamond_mine,
          amcnicky_altar_lugonu_corruption

Notes
Turn   | Place    | Note
-------+----------+-------------------------------------------
     0 | D:1      | mortz the Djinni Fire Elementalist began the quest for the
                  | Orb.
     0 | D:1      | mortz set off with the following spells memorised: Foxfire,
                  | Scorch, Conjure Flame, Inner Flame, Flame Wave.
     0 | D:1      | Reached XP level 1. HP: 15/15 MP: 0/0
     0 | D:1      | magus.rc [v1.9.6]
   200 | D:1      | Reached XP level 2. HP: 19/21 MP: 0/0
   374 | D:1      | Reached skill level 3 in Spellcasting
   900 | D:1      | Found a faded altar of an unknown god.
   941 | D:1      | Reached XP level 3. HP: 23/25 MP: 0/0
   941 | D:1      | Learned a level 1 spell: Magic Dart
  1594 | D:2      | Reached XP level 4. HP: 30/31 MP: 0/0
  2194 | D:3      | Reached skill level 2 in Stealth
  2206 | D:3      | Reached XP level 5. HP: 8/35 MP: 0/0
  2206 | D:3      | Learned a level 2 spell: Wereblood
  2233 | D:3      | HP: 7/35 [ball python (2)]
  2807 | D:3      | Reached skill level 3 in Stealth
  2914 | D:3      | Reached skill level 4 in Spellcasting
  3303 | D:3      | Reached XP level 6. HP: 36/40 MP: 0/0
  3609 | D:4      | Found a basalt altar of Yredelemnul.
  3668 | D:4      | Found a staircase to the Ecumenical Temple.
  3693 | Temple   | Entered the Ecumenical Temple
  4247 | D:4      | Noticed a black bear
  4273 | D:4      | Reached skill level 5 in Spellcasting
  4273 | D:4      | Reached XP level 7. HP: 15/45 MP: 0/0
  4273 | D:4      | Learned a level 3 spell: Ozocubu's Armour
  4532 | D:4      | Found a burning altar of Makhleb.
  4540 | D:4      | Became a worshipper of Makhleb the Destroyer
  4972 | D:4      | Found Ziodon's Antique Weapon Shoppe.
  5114 | D:4      | Reached skill level 1 in Shields
  5114 | D:4      | Reached XP level 8. HP: 34/50 MP: 0/0
  5381 | D:5      | Entered Level 5 of the Dungeon
  5408 | D:5      | Reached skill level 6 in Spellcasting
  5416 | D:5      | Reached * piety under Makhleb
  5692 | D:5      | Noticed a wyvern
  5701 | D:5      | Killed a wyvern
  5706 | D:5      | Reached skill level 4 in Stealth
  6011 | D:5      | Reached skill level 7 in Spellcasting
  6778 | D:6      | Identified the +5 buckler of Fallacy {rN++ Int+9 Dex-5}
  6924 | D:6      | Found a glowing drain.
  6935 | Sewer    | Entered a sewer
  7177 | Sewer    | Reached XP level 9. HP: 39/56 MP: 0/0
  7177 | Sewer    | Learned a level 4 spell: Summon Ice Beast
  7513 | Sewer    | Reached ** piety under Makhleb
  7974 | D:6      | Noticed Duvessa
  7975 | D:6      | Noticed Dowan
  7984 | D:6      | Killed Duvessa
  7988 | D:6      | Killed Dowan
  7989 | D:6      | Reached skill level 8 in Spellcasting
  8094 | D:6      | Reached skill level 2 in Shields
  8539 | D:6      | Found a broken altar of Ashenzari.
  8819 | D:6      | Reached skill level 1 in Invocations
  9507 | D:7      | Noticed a two-headed ogre
  9515 | D:7      | Killed a two-headed ogre
  9516 | D:7      | Reached skill level 1 in Armour
  9516 | D:7      | Reached skill level 9 in Spellcasting
  9516 | D:7      | Reached skill level 2 in Invocations
  9516 | D:7      | Reached XP level 10. HP: 48/61 MP: 0/0
 10017 | D:7      | Found an iron altar of Okawaru.
 10090 | D:7      | Found a snail-covered altar of Cheibriados.
 10539 | D:7      | Found a runed translucent door.
 10540 | D:7      | Noticed Crazy Yiuf
 10702 | D:7      | Killed Crazy Yiuf
 10760 | D:8      | Noticed Joseph
 10770 | D:8      | Reached skill level 10 in Spellcasting
 10775 | D:8      | Killed Joseph
 10947 | D:8      | Reached *** piety under Makhleb
 11156 | D:8      | Noticed Grum
 11164 | D:8      | Killed Grum
 11165 | D:8      | Reached skill level 3 in Invocations
 11306 | D:8      | Reached skill level 3 in Dodging
 11508 | D:8      | a wight comes into view. It is wielding a +0 morningstar
                  | and wearing the +7 Kryia's mail coat {PotionHeal*2 rC+}.
 11667 | D:8      | Noticed Maggie
 11697 | D:8      | Killed Maggie
 11842 | D:8      | Noticed Psyche
 11852 | D:8      | Killed Psyche
 12009 | D:8      | Identified the +2 ring mail "Ynotwue" {-Tele rPois rF-
                  | Dex+5}
 12065 | D:9      | Found a stormy altar of Qazlal.
 12077 | D:9      | Reached skill level 4 in Invocations
 12077 | D:9      | Reached XP level 11. HP: 41/66 MP: 0/0
 12077 | D:9      | Learned a level 5 spell: Fireball
 12446 | D:9      | Reached skill level 11 in Spellcasting
 12683 | D:9      | Found a staircase to the Lair.
 12900 | D:9      | Got Mam Gargh's Lectures on Necrotic Curses
 13042 | D:9      | Reached skill level 2 in Armour
 13042 | D:9      | Reached skill level 3 in Shields
 13217 | D:10     | Entered Level 10 of the Dungeon
 13231 | D:10     | Found a staircase to the Orcish Mines.
 13520 | D:10     | Found a hazy altar of Hepliaklqana.
 13547 | D:10     | Found a glowing golden altar of the Shining One.
 13604 | D:10     | Found a sacrificial altar of Ru.
 13604 | D:10     | Found an opulent altar of Gozag.
 13658 | D:10     | Noticed a two-headed ogre
 13664 | D:10     | Killed a two-headed ogre
 14174 | Lair:1   | Entered Level 1 of the Lair of Beasts
 14341 | Lair:1   | Reached skill level 3 in Armour
 14421 | Lair:1   | Reached skill level 12 in Spellcasting
 14421 | Lair:1   | Reached **** piety under Makhleb
 14574 | Lair:1   | Reached skill level 4 in Armour
 15372 | Lair:1   | Reached XP level 12. HP: 37/71 MP: 0/0
 15719 | Lair:1   | Reached skill level 5 in Armour
 15834 | Lair:1   | Reached skill level 4 in Dodging
 16580 | Lair:2   | Identified a scroll of acquirement
 16581 | Lair:2   | Acquired the ring "Humiodacs" {Drain rElec rN+ Will+ Str+6}
 16602 | Lair:2   | Reached skill level 13 in Spellcasting
 17224 | Lair:2   | Found a staircase to the Snake Pit.
 17464 | Lair:2   | Found a staircase to the Shoals.
 18116 | Lair:3   | Noticed a seven-headed hydra
 18120 | Lair:3   | Killed a seven-headed hydra
 18468 | Lair:3   | Reached skill level 6 in Armour
 18804 | Lair:3   | Noticed a catoblepas
 19108 | Lair:3   | Killed a catoblepas
 19109 | Lair:3   | Reached skill level 1 in Fighting
 19109 | Lair:3   | Reached XP level 13. HP: 70/76 MP: 0/0
 19109 | Lair:3   | Learned a level 5 spell: Summon Mana Viper
 19587 | Lair:4   | Reached skill level 14 in Spellcasting
 19692 | Lair:4   | Reached ***** piety under Makhleb
 20657 | Lair:4   | Reached skill level 4 in Shields
 20883 | Lair:5   | Entered Level 5 of the Lair of Beasts
 20887 | Lair:5   | Reached skill level 7 in Armour
 20888 | Lair:5   | Noticed a five-headed hydra
 21340 | Lair:4   | magus.rc [v1.9.6]
 21394 | Lair:5   | HP: 10/76 [komodo dragon (14)]
 21717 | Lair:4   | Reached skill level 15 in Spellcasting
 21822 | Lair:5   | Killed a five-headed hydra
 22442 | Lair:5   | Reached XP level 14. HP: 66/83 MP: 0/0
 22596 | Lair:5   | Found a staircase to the Slime Pits.
 22873 | Lair:5   | Reached skill level 8 in Armour
 23031 | Lair:5   | Identified the +5 great sword of the Extremely Mad {vorpal,
                  | Int+7}
 23462 | Lair:5   | Reached skill level 16 in Spellcasting
 23643 | Lair:5   | Noticed a dire elephant
 23643 | Lair:5   | Noticed a dire elephant
 23643 | Lair:5   | Noticed a dire elephant
 23643 | Lair:5   | Noticed a dire elephant
 23644 | Lair:5   | Noticed a dire elephant
 24007 | Lair:5   | Found a blossoming altar of Fedhas.
 24344 | Lair:5   | Killed a dire elephant
 24828 | Lair:5   | Noticed a dire elephant
 24849 | Lair:5   | Killed a dire elephant
 25165 | Lair:5   | HP: 17/83 [dire elephant (8)]
 25186 | Lair:5   | HP: 15/83 [spectral anaconda (7)]
 25192 | Lair:5   | HP: 4/83 [spectral anaconda (7)]
 25379 | Lair:5   | Killed a dire elephant
 25514 | Lair:5   | Killed a dire elephant
 25719 | Lair:5   | HP: 19/83 [dire elephant (6)]
 25724 | Lair:5   | Killed a dire elephant
 25879 | Lair:5   | Killed a dire elephant
 26300 | Lair:5   | magus.rc [v1.9.6]
 26397 | Lair:5   | Reached XP level 15. HP: 68/87 MP: 0/0
 26397 | Lair:5   | Learned a level 6 spell: Statue Form
 26402 | Lair:5   | Reached skill level 17 in Spellcasting
 27347 | D:11     | Found a portal to a secret trove of treasure.
 27367 | D:11     | This trove needs 2 scrolls of acquirement to function. Give
                  | it the items?
 27642 | D:11     | magus.rc [v1.9.6]
 29449 | D:12     | Reached skill level 9 in Armour
 29822 | Orc:1    | Entered Level 1 of the Orcish Mines
 29841 | Orc:1    | Reached ****** piety under Makhleb
 30513 | Orc:1    | Found a runed translucent door.
 30513 | Orc:1    | Noticed greenreed's ghost (journeyman GnMo)
 30645 | Orc:1    | Killed greenreed's ghost
 30818 | Orc:1    | Identified a potion of experience
 30819 | Orc:1    | Reached skill level 18 in Spellcasting
 30819 | Orc:1    | Reached XP level 16. HP: 93/93 MP: 0/0
 30837 | Orc:2    | Entered Level 2 of the Orcish Mines
 31580 | Orc:2    | Found a staircase to the Elven Halls.
 31981 | Orc:2    | Found a corrupted altar of Lugonu.
 31982 | Orc:2    | Found a one-way gate to the infinite horrors of the Abyss.
 32122 | Orc:2    | Found Poho's Magic Scroll Shoppe.
 32142 | Orc:2    | Noticed Nergalle
 32421 | Orc:2    | Found Qaodeus's Book Emporium.
 32668 | Orc:2    | Killed Nergalle
 32993 | Orc:2    | Found Lonil's Antique Armour Shoppe.
 33000 | Orc:2    | Found Ybaret's Book Shoppe.
 33230 | D:13     | Found a runed translucent door.
 33362 | D:13     | Reached skill level 5 in Shields
 34932 | D:14     | Reached skill level 19 in Spellcasting
 34932 | D:14     | Reached XP level 17. HP: 97/97 MP: 0/0
 34932 | D:14     | Learned a level 7 spell: Spellforged Servitor
 34933 | D:14     | Noticed Jorgrun
 34943 | D:14     | HP: 17/126 [Jorgrun/Lee's Rapid Deconstruction (18)]
 34944 | D:14     | Killed from afar by Jorgrun

Vanquished Creatures
  The ghost of greenreed the Nimble, a journeyman GnMo of Hepliaklqana (Orc:1)
  3 dire elephants (Lair:5)
  A hydra (Lair:3)
  2 boulder beetles (D:13)
  An ogre mage (Orc:2)
  2 catoblepae
  A centaur warrior (D:13)
  3 two-headed ogres
  A tengu warrior (D:13)
  A spectral dire elephant (Lair:5)
  An orc high priest (Orc:2)
  A spectral anaconda (Lair:5)
  An orc knight (Orc:1)
  6 ugly things (D:14)
  A necromancer (Lair:5)
  5 orc sorcerers (Orc:2)
  An oklob plant (Lair:5)
  A manticore (D:11)
  4 cyclopes
  A merfolk siren (Lair:2)
  A dire elephant skeleton (Lair:5)
  10 elephants
  2 black mambas (Lair:5)
  5 cane toads
  Maggie (D:8)
  A kobold demonologist (D:12)
  6 komodo dragons
  2 polar bears (Lair:5)
  4 trolls
  2 hornets (D:9)
  6 slime creatures (D:12)
  A dream sheep (Lair:5)
  14 blink frogs
  A shadow (D:11)
  2 wyverns
  A wraith (D:11)
  20 yaks
  A basilisk (D:11)
  2 humans
  A death yak simulacrum (Lair:5)
  3 nagas (Lair:2)
  3 water moccasins
  5 wargs
  Duvessa (D:6)
  2 acid dragons
  4 ice beasts
  5 orc warriors
  2 black bears
  3 wolves
  6 ogres
  4 centaurs
  A phantom (D:4)
  4 kobold brigands
  3 bullfrogs
  A cane toad simulacrum (Lair:5)
  3 scorpions
  9 wights
  Dowan (D:6)
  8 killer bees
  An electric eel (Lair:2)
  Crazy Yiuf (D:7)
  6 jellies
  9 orc priests
  4 hounds
  2 iguanas
  25 orc wizards
  12 adders
  A gnoll (D:10)
  6 river rats
  A shadow imp (D:7)
  A white imp (D:8)
  An ufetubus (D:5)
  2 worms (D:3)
  2 dart slugs
  40 orcs
  13 ball pythons
  7 endoplasms
  7 giant cockroaches
  10 goblins
  7 hobgoblins
  3 jackals (D:4)
  2 quokkas
  6 bats
  8 frilled lizards
  31 kobolds
  28 rats
  7 bushes (Lair:5)
  2 butterflies (Lair:5)
  A lurking horror (Orc:2)
435 creatures vanquished.

Vanquished Creatures (collateral kills)
  3 dire elephants (Lair:5)
  3 hydras
  An ogre mage (Orc:2)
  A death yak (Lair:5)
  Nergalle (Orc:2)
  2 necromancers (Lair:5)
  A lindwurm (shapeshifter) (D:13)
  3 orc sorcerers (Orc:2)
  2 cyclopes
  2 ugly things (D:13)
  22 elephants (Lair:5)
  2 gargoyles (D:12)
  Joseph (D:8)
  A black mamba (Lair:5)
  A torpor snail (Lair:5)
  Psyche (D:8)
  7 cane toads
  An unseen horror (D:13)
  2 kobold demonologists
  A tengu conjurer (D:13)
  5 komodo dragons
  A troll (D:13)
  3 slime creatures
  11 dream sheep
  11 blink frogs
  A shadow (D:13)
  26 yaks
  3 wyverns (Lair:2)
  A wraith (D:12)
  A basilisk (Lair:4)
  Grum (D:8)
  A steam dragon (Lair:4)
  2 wargs
  3 nagas (Lair:2)
  3 water moccasins
  4 orc warriors
  2 elephant zombies (Lair:5)
  9 wolves
  3 elephant skeletons (Lair:5)
  A kobold brigand (D:8)
  5 bullfrogs
  A gnoll sergeant (D:10)
  A cane toad simulacrum (Lair:5)
  2 wights (D:8)
  2 killer bees (D:9)
  2 electric eels (Lair:2)
  4 howler monkeys (D:11)
  2 orc priests
  6 jellies (Lair:4)
  6 orc wizards (Orc:2)
  2 gnolls (D:10)
  24 orcs
  13 endoplasms (Lair:4)
  3 kobolds
  3 butterflies (Lair:5)
226 creatures vanquished.

Vanquished Creatures (others)
  4 kobold brigands
  A kobold (D:8)
  A bush (Lair:5)
  288 foxfires
  36 fungi
  125 plants
  26 withered plants (Lair:5)
481 creatures vanquished.

Grand Total: 1142 creatures vanquished

Table legend:
 A = Non-vault XP
 B = Vault XP
 C = Vault XP percentage of total XP
 D = Non-vault monster count
 E = Vault monster count
 F = Vault count percentage of total count
                 A         B        C        D         E       F
            +---------+---------+-------+---------+---------+-------
      Total |   82897 |   31138 |  27.3 |     479 |     173 |  26.5
            +---------+---------+-------+---------+---------+-------
        D:1 |      29 |       2 |   6.5 |      17 |       1 |   5.6
        D:2 |      39 |       8 |  17.0 |      14 |       6 |  30.0
        D:3 |     202 |       0 |   0.0 |      33 |       0 |   0.0
        D:4 |     751 |       0 |   0.0 |      25 |       0 |   0.0
        D:5 |     839 |       0 |   0.0 |      21 |       0 |   0.0
        D:6 |    1044 |     255 |  19.6 |      22 |      11 |  33.3
        D:7 |    1363 |      44 |   3.1 |      21 |       1 |   4.5
        D:8 |    1075 |    1672 |  60.9 |      21 |       6 |  22.2
        D:9 |    2015 |       0 |   0.0 |      18 |       0 |   0.0
       D:10 |    1541 |       0 |   0.0 |      10 |       0 |   0.0
       D:11 |    4244 |    1950 |  31.5 |      23 |       4 |  14.8
       D:12 |    5627 |       0 |   0.0 |      16 |       0 |   0.0
       D:13 |    7793 |     329 |   4.1 |      14 |       2 |  12.5
       D:14 |    3385 |     182 |   5.1 |       6 |       1 |  14.3
     Lair:1 |    7143 |       0 |   0.0 |      29 |       0 |   0.0
     Lair:2 |    1929 |    1462 |  43.1 |      13 |       7 |  35.0
     Lair:3 |    5232 |    1077 |  17.1 |      16 |       4 |  20.0
     Lair:4 |    4884 |     590 |  10.8 |      21 |      22 |  51.2
     Lair:5 |   26634 |   14848 |  35.8 |      75 |      28 |  27.2
      Orc:1 |    3169 |    1156 |  26.7 |      32 |       1 |   3.0
      Orc:2 |    3959 |    7231 |  64.6 |      32 |      34 |  51.5
      Sewer |       0 |     332 | 100.0 |       0 |      45 | 100.0
            +---------+---------+-------+---------+---------+-------

Illustrated notes

Table legend:
 A = Kills in this place as a percentage of kills in entire the game.
 B = Kills by you in this place as a percentage of kills by you in the entire game.
 C = Kills by friends in this place as a percentage of kills by friends in the entire game.
 D = Other kills in this place as a percentage of other kills in the entire game.
 E = Experience gained in this place as a percentage of experience gained in the entire game.
 F = Experience gained in this place divided by the number of levels of this place that you have seen.
                   A       B       C       D       E      F
               +-------+-------+-------+-------+-------+----------------------
         Total | 100.0 | 100.0 | 100.0 | 100.0 | 100.0 | 4958.0
       Dungeon |  44.9 |  55.5 |  24.7 |  50.0 |  30.2 | 2456.4
          Lair |  33.0 |  18.8 |  60.5 |   0.0 |  55.9 | 12759.8
  Orcish Mines |  15.2 |  15.5 |  14.8 |   0.0 |  13.6 | 7757.5
         Sewer |   6.9 |  10.1 |   0.0 |  50.0 |   0.3 | 332.0
               +-------+-------+-------+-------+-------+----------------------

Table legend: (Time is in decaauts)
 A = Elapsed time spent in this place.
 B = Non-inter-level travel time spent in this place.
 C = Inter-level travel time spent in this place.
 D = Time resting spent in this place.
 E = Time spent auto-exploring this place.
 F = Levels seen in this place.
 G = Mean time per level.
                   A        B        C        D        E       F      G
               +--------+--------+--------+--------+--------+-----+--------+
         Total |  35018 |  33389 |   1629 |   5194 |  22851 |  23 | 1522.5 |
       Dungeon |  18018 |  17234 |    784 |   1963 |  12768 |  14 | 1287.0 |
        Temple |    369 |    352 |     17 |      0 |    340 |   1 |  369.0 |
          Lair |  12470 |  11863 |    607 |   2567 |   7240 |   5 | 2494.0 |
  Orcish Mines |   3165 |   2945 |    220 |    651 |   1772 |   2 | 1582.5 |
         Sewer |    994 |    994 |      0 |     13 |    731 |   1 |  994.0 |
               +--------+--------+--------+--------+--------+-----+--------+

Top non-repeatable levels by time:
  Lair:5: 3797 daAuts
  Lair:4: 3759 daAuts
  Lair:2: 1974 daAuts
   Orc:2: 1928 daAuts
    D:12: 1889 daAuts
  Lair:1: 1772 daAuts
     D:5: 1707 daAuts
     D:7: 1564 daAuts
     D:9: 1524 daAuts
    D:11: 1453 daAuts
     D:3: 1423 daAuts
     D:4: 1412 daAuts
     D:6: 1284 daAuts
     D:8: 1266 daAuts
    D:10: 1257 daAuts
